 Dungeon Sprint DCSS version 0.16.2-12-gd0ad4c3 (webtiles) character file.

2163 musteatbrain the Severer (level 9, -5/97 HPs)
             Began as a Minotaur Berserker on Oct 16, 2015.
             Was a High Priest of Trog.
             Slain by a red devil
             ... wielding a +0 trident
              (7 damage)
             ... in the Dungeon (Sprint VII: "The Pits").
             The game lasted 00:04:44 (754 turns).

musteatbrain the Severer (Minotaur Berserker)        Turns: 754, Time: 00:04:45

Health: -5/97      AC:  0    Str: 22      XL:     9   Next: 10%
Magic:  1/1        EV:  9    Int:  3 (4)  God:    Trog [*****.]
Gold:   0          SH:  0    Dex: 12 (13) Spells: 0 memorised, 8 levels left

rFire  . . .     SeeInvis .     a - +4 battleaxe (antimagic)
rCold  . . .     Clarity  .     k - +2 plate armour
rNeg   . . .     SustAb   .     (no shield)
rPois  .         Gourm    .     (helmet restricted)
rElec  .         Spirit   .     (no cloak)
rCorr  .         Warding  .     (no gloves)
rMut   .         NoTele   +     (no boots)
MR     ++...                    (no amulet)
Stlth  ..........               (no ring)
                                (no ring)

@: corroded equipment, regenerating, drained, very resistant to hostile
enchantments, extremely unstealthy
A: retaliatory headbutt, horns 2
a: Burn Spellbooks, Berserk, Trog's Hand, Brothers in Arms, Renounce Religion


You were in the Dungeon.
You worshipped Trog.
Trog was extremely pleased with you.
You were hungry.

You visited 1 branch

Inventory:

Hand weapons
 a - a +4 antimagic battleaxe (weapon)
Armour
 k - a +2 plate armour (worn)
 r - a +0 pair of gloves
Jewellery
 j - a +3 ring of intelligence
 n - a +3 ring of strength
Scrolls
 s - 3 scrolls of remove curse
 t - a scroll of summoning
Potions
 d - 8 potions of curing
 e - 2 potions of heal wounds
 f - a potion of haste
 g - 4 potions of magic
 h - 4 potions of berserk rage
 m - 2 potions of invisibility
 o - a potion of agility
 p - 3 potions of resistance
 q - a potion of brilliance
Comestibles
 b - 39 fruits
 c - 8 bread rations
 l - 7 meat rations


   Skills:
 + Level 15.5(14.7) Fighting
 + Level 15.6(14.7) Axes
 - Level 7.3(6.5) Armour
 - Level 6.3(5.6) Dodging


You had 8 spell levels left.
You didn't know any spells.

Dungeon Overview and Level Annotations

Branches:
Dungeon (1/1)

Altars:
Ashenzari
Cheibriados
Dithmenos
Elyvilon
Fedhas
Gozag
Kikubaaqudgha
Makhleb
Nemelex Xobeh
Okawaru
Qazlal
Ru
Sif Muna
Trog
Vehumet
Xom
Yredelemnul
Zin
The Shining One
Beogh
Jiyva
Lugonu


Innate Abilities, Weirdness & Mutations

You reflexively headbutt those who attack you in melee.
You have a pair of horns on your head.


Message History

The skeletal warrior hits you from afar with a trident!
* * * LOW HITPOINT WARNING * * *
You feel much better.
Your troll bites the skeletal warrior!!
Your troll claws the skeletal warrior!
Your troll claws the skeletal warrior but does no damage.
The red devil hits you with a trident!
* * * LOW HITPOINT WARNING * * *
Your troll bites the skeletal warrior.
Your troll claws the skeletal warrior!
Your troll claws the skeletal warrior!
The skeletal warrior hits your troll with a war axe!
The skeletal warrior hits you with a war axe!
* * * LOW HITPOINT WARNING * * *
Something hits your troll.
You feel much better.
Your troll barely misses the skeletal warrior.
Your troll claws the skeletal warrior!
Your troll misses the skeletal warrior.
The skeletal warrior hits you from afar with a trident!!
* * * LOW HITPOINT WARNING * * *
The red devil hits you with a trident!
You die...

## ## ## ##.# #.# #t#
#.#.#.# #m# #!#@# #W#
#4#z#4# #z#3#T#
#..#####ยง##########
##########..................
________##..................
________###########''######
####'##############''######
)).).'..##................#


You could see 2 skeletal warriors, a red devil and a friendly troll (berserk).

Vanquished Creatures
  2 skeletal warriors (D)
  A yaktaur (D)
  A soldier ant (D)
  An ice beast (D)
  A phantom (D)
  A wasp (D)
  An ogre (D)
  A big kobold (D)
  A brain worm (D)
  A giant frog (D)
  A scorpion (D)
  A quasit (D)
  A hound (D)
  2 adders (D)
  3 giant mites (D)
  A worm (D)
  An ufetubus (D)
  An adder skeleton (D)
  A giant gecko (D)
  2 kobolds (D)
  A goblin (D)
  3 rats (D)
29 creatures vanquished.

Vanquished Creatures (collateral kills)
  A hill giant (D)
  A black mamba (D)
  A bat simulacrum (D)
3 creatures vanquished.

Vanquished Creatures (others)
  2 two-headed ogres (D)
2 creatures vanquished.

Grand Total: 34 creatures vanquished

Notes
Turn   | Place    | Note
--------------------------------------------------------------
     0 | D        | musteatbrain, the Minotaur Berserker, began the quest for the Orb.
     0 | D        | Reached XP level 1. HP: 19/19 MP: 1/1
    19 | D        | Reached skill level 4 in Fighting
   128 | D        | Reached XP level 2. HP: 28/28 MP: 1/1
   135 | D        | Reached skill level 5 in Fighting
   135 | D        | Reached skill level 5 in Axes
   137 | D        | Acquired Trog's second power
   139 | D        | Noticed a quasit
   146 | D        | Killed a quasit
   146 | D        | Reached skill level 6 in Fighting
   146 | D        | Reached XP level 3. HP: 35/37 MP: 2/2
   154 | D        | Received a gift from Trog
   198 | D        | Acquired Trog's third power
   474 | D        | Noticed an ogre
   480 | D        | Killed an ogre
   480 | D        | Reached skill level 7 in Fighting
   480 | D        | Reached skill level 5 in Dodging
   480 | D        | Reached XP level 4. HP: 47/47 MP: 2/2
   480 | D        | Reached XP level 5. HP: 52/52 MP: 2/2
   485 | D        | Noticed a giant frog
   491 | D        | Killed a giant frog
   491 | D        | Reached skill level 8 in Fighting
   532 | D        | Received a gift from Trog
   545 | D        | Noticed a big kobold
   549 | D        | Killed a big kobold
   549 | D        | Reached skill level 9 in Fighting
   549 | D        | Reached XP level 6. HP: 54/63 MP: 1/3
   551 | D        | Noticed a wasp
   556 | D        | Killed a wasp
   556 | D        | Reached skill level 10 in Fighting
   556 | D        | Reached skill level 10 in Axes
   560 | D        | Noticed a scorpion
   560 | D        | Noticed a brain worm
   561 | D        | Noticed a soldier ant
   568 | D        | Killed a soldier ant
   568 | D        | Reached skill level 11 in Fighting
   572 | D        | Killed a brain worm
   572 | D        | Reached XP level 7. HP: 58/74 MP: 1/3
   579 | D        | Killed a scorpion
   588 | D        | Noticed a hound
   589 | D        | Noticed a phantom
   591 | D        | Killed a hound
   601 | D        | Killed a phantom
   601 | D        | Reached skill level 12 in Fighting
   688 | D        | Found a sacrificial altar of Ru.
   688 | D        | Found a shadowy altar of Dithmenos.
   688 | D        | Found a bloodstained altar of Trog.
   688 | D        | Found a deep blue altar of Sif Muna.
   688 | D        | Found a shimmering altar of Xom.
   688 | D        | Found a sparkling altar of Nemelex Xobeh.
   688 | D        | Found a corrupted altar of Lugonu.
   688 | D        | Found a viscous altar of Jiyva.
   689 | D        | Found a basalt altar of Yredelemnul.
   689 | D        | Found a burning altar of Makhleb.
   689 | D        | Found an ancient bone altar of Kikubaaqudgha.
   690 | D        | Found a glowing golden altar of the Shining One.
   690 | D        | Found a shattered altar of Ashenzari.
   690 | D        | Found a white marble altar of Elyvilon.
   690 | D        | Found a snail-covered altar of Cheibriados.
   690 | D        | Found a blossoming altar of Fedhas.
   690 | D        | Found a radiant altar of Vehumet.
   690 | D        | Found a glowing silver altar of Zin.
   690 | D        | Found a roughly hewn altar of Beogh.
   690 | D        | Found an iron altar of Okawaru.
   697 | D        | Found a stormy altar of Qazlal.
   697 | D        | Found an opulent altar of Gozag.
   725 | D        | Noticed a rust devil
   725 | D        | Noticed a skeletal warrior
   725 | D        | Noticed a skeletal warrior
   725 | D        | Noticed a skeletal warrior
   725 | D        | Noticed a hill giant
   725 | D        | Noticed a black mamba
   726 | D        | Noticed a troll
   729 | D        | Noticed a merfolk avatar
   729 | D        | Noticed a cherub
   730 | D        | Noticed an ice devil
   730 | D        | Killed a black mamba
   730 | D        | Reached skill level 13 in Axes
   731 | D        | Noticed a yaktaur
   732 | D        | Noticed an ice beast
   735 | D        | Killed a skeletal warrior
   735 | D        | Reached XP level 8. HP: 38/88 MP: 1/3
   737 | D        | Killed a hill giant
   737 | D        | Reached skill level 14 in Fighting
   739 | D        | Noticed an alligator
   739 | D        | Noticed an eidolon
   741 | D        | Killed a skeletal warrior
   741 | D        | Reached skill level 15 in Fighting
   741 | D        | Reached skill level 15 in Axes
   742 | D        | Noticed a red devil
   747 | D        | Killed an ice beast
   749 | D        | Killed a yaktaur
   749 | D        | Reached XP level 9. HP: 43/97 MP: 1/4
   752 | D        | Noticed a skeletal warrior
   753 | D        | HP: 2/97 [skeletal warrior/war axe (17)]
   754 | D        | Slain by a red devil

Action                   |  1- 3 |  4- 6 |  7- 9 || total
-------------------------+-------+-------+-------++-------
Melee: Hand axe          |    17 |    11 |       ||    28
       Battleaxe         |       |    18 |    27 ||    45
Invok: Berserk           |     3 |       |       ||     3
       Trog's Hand       |       |     1 |     1 ||     2
       Brothers in Arms  |       |       |     3 ||     3
  Use: Potion            |       |       |     6 ||     6
       Scroll            |       |       |     1 ||     1
  Eat: Chunk             |       |     2 |       ||     2
       Fruit             |       |       |     1 ||     1
